 Dungeon Crawl Stone Soup version 0.28.0-53-g5a82cb258f (webtiles) character file.

Game seed: 9403051230621317248

12 Zeld the Gusty (level 2, 0/15 HPs)
             Began as a Tengu Air Elementalist on June 14, 2022.
             Slain by a quokka (1 damage)
             ... on level 1 of the Dungeon on June 15, 2022.
             The game lasted 00:00:47 (632 turns).

Zeld the Gusty (Tengu Air Elementalist)              Turns: 632, Time: 00:00:48

Health: 0/15       AC:  2    Str:  8    XL:     2   Next: 33%
Magic:  6/6        EV: 12    Int: 15    God:
Gold:   58         SH:  0    Dex: 14    Spells: 2/5 levels left

rFire   . . .      SeeInvis .   c - +1 whip (venom)
rCold   . . .      Faith    .   (no shield)
rNeg    . . .      Spirit   .   a - +0 robe
rPois   .          Reflect  .   (helmet restricted)
rElec   .          Harm     .   (no cloak)
rCorr   .          Rampage  .   (no gloves)
Will    .....                   (boots unavailable)
Stlth   ++........              (no amulet)
HPRegen 0.05/turn               (no ring)
MPRegen 0.10/turn               (no ring)

@: no status effects
A: beak, talons 3
a: no special abilities


You were on level 1 of the Dungeon.
You visited 1 branch of the dungeon, and saw 1 of its levels.

You collected 58 gold pieces.

Inventory:

Hand Weapons
 c - a +1 whip of venom (weapon)
Missiles
 d - 2 poisoned darts
Armour
 a - a +0 robe (worn)
Scrolls
 b - a scroll of fog {unknown}
 e - 2 scrolls of identify {unknown}
 g - a scroll of fear {unknown}
Potions
 f - 2 potions of flight {unknown}


   Skills:
 - Level 2.1 Dodging
 - Level 2.0 Stealth
 * Level 2.3 Spellcasting
 + Level 1.8 Conjurations
 * Level 4.4 Air Magic


You had 2 spell levels left.
You knew the following spells:

 Your Spells              Type           Power      Damage    Failure   Level
a - Shock                 Conj/Air       44%        1d5       6%          1
b - Static Discharge      Conj/Air       11%        N/A       9%          2

Your spell library contained the following spells:

 Spells                   Type           Power      Damage    Failure   Level
 Swiftness                Air            15%        N/A       11%         3
 Airstrike                Air            7%         N/A       34%         4


Dungeon Overview and Level Annotations

Branches:
Dungeon (1/15)

Altars:


Innate Abilities, Weirdness & Mutations

You have a beak for a mouth.
You have claws for feet.


Message History

f - 2 fuming inky potions No target in view!
There is a stone staircase leading down here.
Found a stone staircase leading down.
No target in view!
Found a stone staircase leading down.
No target in view!
Found 25 stones.
No target in view!
You now have 45 gold pieces (gained 2).
You now have 58 gold pieces (gained 13).
g - a scroll labelled NEFIEDW BETE No target in view!
A kobold comes into view. It is wielding a +0 dagger.
A kobold is nearby!
A kobold is nearby!
A kobold is nearby!
Found 7 gold pieces.
No target in view!
No target in view!
Found a fuming inky potion.
The kobold shouts!
A frilled lizard comes into view.
A quokka comes into view.
Found a scroll labelled VIFEOG YTTOGRE and a hunting sling.
The kobold hits you with a +0 dagger. The quokka bites you.
You barely miss the kobold.
The frilled lizard hisses angrily.
Your kick misses the kobold. The kobold hits you with a +0 dagger.
The quokka bites you but does no damage.
You miss the kobold. You punch the kobold, but do no damage.
The kobold hits you with a +0 dagger. The quokka barely misses you.
You are too injured to fight recklessly!
You are too injured to fight recklessly!
You closely miss the quokka. Your kick misses the quokka.
The quokka closely misses you. The quokka bites you.
* * * LOW HITPOINT WARNING * * *
You are too injured to fight recklessly!
You closely miss the quokka. The quokka bites you.
You die...

#....#..#........
######.###......#
##.# #.......
#..# #.......
###.## #.....##
##...# #.....##
#..### #......#
#####.####
######..
#..@.....# ##.
#.#r##...# #. #
#Kl.$..# #†
.!)#...# #.
.##.#..## #. #.
...## ## # ####


You could see a quokka, a kobold and a frilled lizard.

Vanquished Creatures
  2 ball pythons (D:1)
  2 endoplasms (D:1)
  A giant cockroach (D:1)
  A goblin (D:1)
  A hobgoblin (D:1)
  A bat (D:1)
  A frilled lizard (D:1)
  2 kobolds (D:1)
  A rat (D:1)
12 creatures vanquished.

Notes
Turn   | Place    | Note
-------+----------+-------------------------------------------
     0 | D:1      | Zeld the Tengu Air Elementalist began the quest for the
                  | Orb.
     0 | D:1      | Reached XP level 1. HP: 10/10 MP: 4/4
   202 | D:1      | Reached XP level 2. HP: 15/15 MP: 1/6
   279 | D:1      | Learned a level 2 spell: Static Discharge
   632 | D:1      | Slain by a quokka

Illustrated notes

Levels and vault maps discovered:
D:1:      lemuel_arrival_broad_hall, layout_rooms, serial_corexii_hall,
          corexii_hall_statues_u, chequers_hall_statues_corner_a,
          minmay_misc_feat_pillars, minmay_domino_4

Action                   || total
-------------------------++-------
Melee: Unarmed           ||    10
       Kick              ||     7
       Peck              ||     2
       Whip              ||    14
       Punch             ||     1
 Cast: Shock             ||    10
Armor: Robe              ||     5
Dodge: Dodged            ||    20
